 Dungeon Crawl Stone Soup version 0.32-a0-814-g0968bab981 (webtiles) character file.

Game seed: 9628493133102027331

1587 croobank the Caller (level 8, -1/52 (60) HPs)
             Began as a Human Summoner on Mar 22, 2024.
             Was a Follower of Kikubaaqudgha.
             Slain by a wight
             ... wielding a +2 halberd of freezing
              (3 damage)
             ... on level 7 of the Dungeon.
             The game lasted 00:35:19 (6471 turns).

croobank the Caller (Human Summoner)                Turns: 6471, Time: 00:35:20

HP:   -1/52 (60)    AC:  8    Str:  8    XL:     8   Next: 92%
MP:   14/14         EV: 15    Int: 19    God:    Kikubaaqudgha [*.....]
Gold: 365           SH:  0    Dex: 15    Spells: 1/15 levels left

rFire   . . .        b - +0 arbalest
rCold   . . .        (shield currently unavailable)
rNeg    . . .        k - +0 ring mail of Zyanidun {Will+ Dex+2}
rPois   .            d - +1 helmet
rElec   .            (no cloak)
rCorr   .            (no gloves)
SInv    .            (no boots)
Will    +....        (no amulet)
Stlth   ++           B - +4 ring of slaying
HPRegen 0.28/turn    j - +5 ring of evasion
MPRegen 0.14/turn

%: no passive effects
@: heavily drained, inugami summoned
A: explore regen
a: Renounce Religion, Unearth Wretches


You were on level 7 of the Dungeon.
You worshipped Kikubaaqudgha.
Kikubaaqudgha was aware of your devotion.
You visited 2 branches of the dungeon, and saw 9 of its levels.

You collected 365 gold pieces.

Inventory:

Hand Weapons
 b - a +0 arbalest (weapon)
 e - a +0 sling
 f - a +0 dagger
 h - a +0 short sword
 l - a +0 war axe
 s - a +2 whip of flaming
 z - a +0 scimitar
 I - a +3 spear
Missiles
 C - 5 poisoned darts
 D - 3 boomerangs
 H - a throwing net
Armour
 a - a +0 robe
 d - a +1 helmet (worn)
 k - the +0 ring mail of Zyanidun (worn) {Will+ Dex+2}
   (You found it on level 3 of the Dungeon)

   Dex+2:     It affects your dexterity (+2).
   Will+:     It increases your willpower.
 q - a +0 leather armour
 r - a +0 kite shield
Jewellery
 i - a ring of resist corrosion
 j - a +5 ring of evasion (right hand)
 B - a +4 ring of slaying (left hand)
Wands
 w - a wand of digging (10)
 y - a wand of charming (15)
Scrolls
 g - a scroll of immolation
 o - a scroll of enchant weapon {unknown}
 p - a scroll of vulnerability {unknown}
 t - 2 scrolls of fear {unknown}
 x - 3 scrolls of amnesia {unknown}
 G - a scroll of acquirement {unknown}
Potions
 c - a potion of attraction
 m - a potion of mutation {unknown}
 n - 4 potions of curing
 u - a potion of berserk rage {unknown}
 v - a potion of magic
 A - 2 potions of resistance {unknown}
 E - a potion of enlightenment {unknown}
 F - a potion of heal wounds {unknown}


   Skills:
 + Level 3.7 Fighting
 * Level 4.6 Armour
 + Level 4.8 Dodging
 + Level 5.1 Stealth
 + Level 4.3 Spellcasting
 + Level 5.9 Summonings
 * Level 0.6 Fire Magic


You had one spell level left.
You knew the following spells:

 Your Spells              Type           Power      Damage    Failure   Level
a - Summon Small Mammal   Summ           100%       N/A       3%          1
b - Call Imp              Summ           52%        N/A       4%          2
c - Call Canine Familiar  Summ           26%        N/A       10%         3
d - Summon Blazeheart Go  Fire/Summ      16%        N/A       67%         4
e - Summon Lightning Spi  Summ/Air       15%        N/A       73%         4

Your spell library contained the following spells:

 Spells                   Type           Power      Damage    Failure   Level
 Necrotise                Necr           16%        1d4       36%         1
 Sting                    Conj/Alch      16%        1d4       36%         1
 Cigotuvi's Dreadful Rot  Necr/Alch/Air  8%         N/A       50%         2
 Lesser Beckoning         Tloc           8%         N/A       50%         2
 Mercury Vapours          Alch/Air       8%         N/A       50%         2
 Gell's Gravitas          Tloc           4%         N/A       73%         3
 Teleport Other           Tloc           4%         N/A       73%         3
 Vampiric Draining        Necr           4%         2d6       73%         3
 Animate Dead             Necr           4%         N/A       98%         4
 Olgreb's Toxic Radiance  Alch           4%         N/A       98%         4


Dungeon Overview and Level Annotations

Branches:
Dungeon (8/15)             Temple (1/1) D:4
   Lair: D:8-11

Altars:
Ashenzari
Cheibriados
Dithmenos
Elyvilon
Fedhas
Gozag
Hepliaklqana
Kikubaaqudgha
Makhleb
Nemelex Xobeh
Okawaru
Qazlal
Sif Muna
Uskayaw
Vehumet
Zin
The Shining One

Shops:
D:8 (


Innate Abilities, Weirdness & Mutations

You regain HP and MP as you explore.


Message History

Your cerulean imp hits the wight but does no damage.
A wight comes into view.
It is wielding a +2 halberd of freezing.
Your cerulean imp closely misses the wight.
Fire: b) +0 arbalest
Press: ? - help, Q - select action, (/) - cycle Shift-Dir - straight line, f - wight
Aim: a wight, wielding a +3 scimitar and wearing a +0 robe (ally target, 59% to hit)
You shoot a bolt. The bolt closely misses the wight.
The bolt barely misses the wight.
The wight hits you with a +3 scimitar.
You feel drained. The wight misses you.
Your cerulean imp closely misses the wight.
The wight closely misses you. x2
Your cerulean imp hits the wight with a -2 spear.
Fire: b) +0 arbalest
Press: ? - help, Q - select action, (/) - cycle Shift-Dir - straight line, f/p - wight
Aim: a wight, wielding a +3 scimitar and wearing a +0 robe (lightly damaged, ally target, 59% to hit)
You shoot a bolt. The bolt hits the wight.
The wight is lightly damaged.
The wight misses your cerulean imp. The wight closely misses you.
Your cerulean imp closely misses the wight.
The wight completely misses you. The wight hits you with a +3 scimitar!
You feel drained.
Your cerulean imp hits the wight with a -2 spear.
Fire: b) +0 arbalest
Press: ? - help, Q - select action, (/) - cycle Shift-Dir - straight line, f/p - wight
Aim: a wight, wielding a +3 scimitar and wearing a +0 robe (moderately damaged, not watching you, ally target, 59% to hit)
You shoot a bolt. The bolt hits the wight!
The wight is severely damaged.
The wight misses your cerulean imp.
The wight hits you from afar with a +2 halberd of freezing!
You feel drained. The wight freezes you!
* * * LOW HITPOINT WARNING * * *
Your cerulean imp barely misses the wight.
The wight misses your cerulean imp.
The wight hits you from afar with a +2 halberd of freezing!
* * * LOW HITPOINT WARNING * * *
You feel drained.
* * * LOW HITPOINT WARNING * * *
The wight freezes you.
You die...
Kikubaaqudgha rasps: You have failed me!
Welcome... death!

#.## ##.## #.#
#..###...###.#
#..h...#...>.#
.####..###...#####
............##
#####...#########.#
......#..........#
##...........##.##
####..#####.###@##
#.........[h5z#
#######..#####z#
#..# .# #..# # #..#
.... #####


You could see 2 wights, a friendly cerulean imp (summoned) and a friendly
inugami (summoned).

Vanquished Creatures
  An ice beast (D:5)
  A black bear (D:6)
  A phantom (D:5)
  A kobold brigand (D:7)
  A bullfrog (D:7)
  A scorpion (D:6)
  A wight (D:7)
  A killer bee (D:8)
  An electric eel (D:8)
  A nameless horror (D:8)
  A gnoll bouda (D:6)
  A hound (D:4)
  2 jellies
  A sleepcap (D:5)
  2 iguanas
  An orc wizard (D:6)
  2 gnolls (D:6)
  4 adders
  A shadow imp (D:5)
  A white imp (D:6)
  2 ufetubi
  2 dart slugs
  A ribbon worm (D:4)
  6 orcs
  3 endoplasms
  A giant cockroach (D:4)
  A goblin (D:2)
  3 hobgoblins
  3 quokkas
  2 ball pythons
  2 bats (D:3)
  10 kobolds
  A rat (D:3)
63 creatures vanquished.

Vanquished Creatures (collateral kills)
  3 ogres
  A kobold brigand (D:7)
  A scorpion (D:6)
  2 wights (D:7)
  An orc wizard (D:3)
  A sleepcap (D:7)
  6 adders
  A gnoll (D:6)
  2 ufetubi
  A dart slug (D:1)
  2 ribbon worms
  7 orcs
  4 bats (D:1)
  5 endoplasms
  A giant cockroach (D:1)
  2 goblins
  4 hobgoblins
  2 quokkas
  4 ball pythons
  3 frilled lizards
  3 kobolds (D:7)
  A rat (D:1)
57 creatures vanquished.

Grand Total: 120 creatures vanquished

Notes
Turn   | Place    | Note
-------+----------+-------------------------------------------
     0 | D:1      | croobank the Human Summoner began the quest for the Orb.
     0 | D:1      | Reached XP level 1. HP: 13/13 MP: 3/3
   179 | D:1      | Reached XP level 2. HP: 19/19 MP: 5/5
   182 | D:1      | Learned a level 2 spell: Call Imp
   719 | D:1      | Reached XP level 3. HP: 24/24 MP: 6/6
   735 | D:1      | Learned a level 3 spell: Call Canine Familiar
  1317 | D:2      | Reached XP level 4. HP: 18/30 MP: 1/7
  1832 | D:3      | Noticed an ogre
  1843 | D:3      | Killed an ogre
  1844 | D:3      | Reached skill level 1 in Fighting
  1844 | D:3      | Reached XP level 5. HP: 30/37 MP: 1/9
  2432 | D:3      | Identified the +0 ring mail of Zyanidun {Will+ Dex+2}
  3163 | D:4      | Found a staircase to the Ecumenical Temple.
  3176 | D:4      | Reached XP level 6. HP: 43/43 MP: 3/10
  3223 | Temple   | Entered the Ecumenical Temple
  3262 | Temple   | Became a worshipper of Kikubaaqudgha
  3330 | D:4      | Found a shadowy altar of Dithmenos.
  3421 | D:4      | Found a shimmering blue altar of Sif Muna.
  3625 | D:4      | Found a radiant altar of Vehumet.
  3673 | D:4      | Reached skill level 1 in Armour
  3690 | D:4      | Found a hazy altar of Hepliaklqana.
  3690 | D:4      | Found a hide-covered altar of Uskayaw.
  3792 | D:4      | Found a white marble altar of Elyvilon.
  3978 | D:5      | Entered Level 5 of the Dungeon
  4097 | D:5      | Reached skill level 5 in Summonings
  4104 | D:5      | Reached XP level 7. HP: 50/50 MP: 7/11
  4109 | D:5      | Learned a level 4 spell: Summon Blazeheart Golem
  4994 | D:6      | Reached XP level 8. HP: 53/57 MP: 7/13
  5746 | D:7      | Reached * piety under Kikubaaqudgha
  5746 | D:7      | Received a gift from Kikubaaqudgha
  5766 | D:7      | Learned a level 4 spell: Summon Lightning Spire
  6226 | D:8      | Reached skill level 5 in Stealth
  6235 | D:8      | HP: 1/58 [killer bee (8)]
  6381 | D:8      | Found Guzioz's Weapon Shoppe.
  6471 | D:7      | HP: 2/52 [wight/+2 halberd of freezing (2)]
  6471 | D:7      | Slain by a wight

Illustrated notes

Levels and vault maps discovered:
D:1:      matt_arrival_diagonals, layout_basic, minmay_stone_trees_medium
D:2:      layout_loops_ring
D:3:      cheibrodos_helix_gallery, layout_basic, serial_bayou_lagoon_a
D:4:      layout_basic, gammafunk_temple_overflow_pools,
          nicolae_dithmenos_the_darkroom, mainiacjoe_overflow_alcove_4,
          mainiacjoe_overflow_alcove_1, hellmonk_sif_muna_bookshelves,
          minmay_temple_entry_slanted
D:5:      layout_basic
D:6:      layout_loops_ring, hangedman_decor_diamond_cutter
D:7:      layout_loops_ring, uniq_jeremiah
D:8:      layout_basic, mainiacjoe_overflow_brackets,
          nicolae_overflow_two_pavilions, serial_shops, shop, minivault_4
Temple:   grunt_temple_mini_profane

Skill      XL: |  1  2  3  4  5  6  7  8 |
---------------+-------------------------+-----
Fighting       | 1 2 3 |  3.7
Dodging        | 3 4 |  4.8
Stealth        | 3 4 5 |  5.1
Spellcasting   | 3 4 |  4.3
Armour         | 1 3 4 |  4.6
Summonings     | 5 |  5.9
Fire Magic     | |  0.6

Action                     |  1- 3 |  4- 6 |  7- 9 || total
---------------------------+-------+-------+-------++-------
  Melee: Unarmed           |    10 |       |       ||    10
         Dagger            |    27 |    26 |       ||    53
   Fire: Arbalest          |       |    30 |   108 ||   138
   Cast: Summon Small Mamm |    17 |    14 |    10 ||    41
         Call Imp          |    10 |    10 |     9 ||    29
         Call Canine Famil |     4 |     7 |    10 ||    21
    Use: Scroll            |       |     6 |     2 ||     8
         Potion            |       |       |     1 ||     1
   Stab: Sleeping          |     3 |     2 |       ||     5
         Distracted        |       |     1 |       ||     1
 Armour: Robe              |    28 |    15 |       ||    43
         Ring mail         |       |     7 |    76 ||    83
  Dodge: Dodged            |    31 |    46 |   141 ||   218

Table legend: (Time is in decaauts)
 A = Elapsed time spent in this place.
 B = Non-inter-level travel time spent in this place.
 C = Inter-level travel time spent in this place.
 D = Time resting spent in this place.
 E = Time spent auto-exploring this place.
 F = Levels seen in this place.
 G = Mean time per level.
                   A        B        C        D        E       F      G
               +--------+--------+--------+--------+--------+-----+--------+
         Total |   6622 |   6419 |    203 |    669 |   4317 |   9 |  735.8 |
       Dungeon |   6560 |   6405 |    155 |    669 |   4305 |   8 |  820.0 |
        Temple |     61 |     13 |     48 |      0 |     12 |   1 |   61.0 |
               +--------+--------+--------+--------+--------+-----+--------+

Top non-repeatable levels by time:
     D:3: 1245 daAuts
     D:1: 1037 daAuts
     D:5: 975 daAuts
     D:2: 873 daAuts
     D:6: 795 daAuts
     D:4: 791 daAuts
     D:8: 518 daAuts
     D:7: 322 daAuts
  Temple: 61 daAuts
